 Dungeon Crawl Stone Soup version 0.32-a0-135-g14f8b2e1af (webtiles) character file.

Game seed: 3236592416518331270

162484 tilp the Unseen (level 17, -15/139 HPs)
             Began as a Vampire Enchanter on Feb 10, 2024.
             Was the Champion of Wu Jian.
             Demolished by a broodmother (26 damage)
             ... on level 4 of the Spider Nest on Feb 11, 2024.
             The game lasted 01:30:11 (40519 turns).

tilp the Unseen (Vampire Enchanter)                Turns: 40519, Time: 01:30:11

Health: -15/139    AC: 25    Str:  7    XL:     17   Next: 22%
Magic:  21/30      EV: 16    Int: 30    God:    Wu Jian [******]
Gold:   2151       SH:  9    Dex: 22    Spells: 16/34 levels left

rFire   . . .        a - +2 dagger (drain)
rCold   . . .        d - +3 buckler {AC+3}
rNeg    . . .        Q - +1 swamp dragon scales
rPois   +            l - +2 helmet
rElec   .            v - +2 cloak
rCorr   .            n - +2 pair of gloves
SInv    +            A - +2 pair of boots
Will    +....        U - amulet of regeneration
Stlth   ++++++       o - +6 ring of intelligence
HPRegen 1.43/turn    t - +6 ring of dexterity
MPRegen 0.22/turn

%: no passive effects
@: healing quickly, slowed, very slow
A: alive, fangs 3, see invisible, vampiric 2
a: Exsanguinate, Renounce Religion, Wall Jump, Serpent's Lash, Heavenly Storm


You were on level 4 of the Spider Nest.
You worshipped Wu Jian.
Wu Jian was exalted by your worship.
You visited 5 branches of the dungeon, and saw 27 of its levels.
You also visited: Bailey and Ice Cave.

You collected 3478 gold pieces.
You spent 1327 gold pieces at shops.

Inventory:

Hand Weapons
 a - a +2 dagger of draining (weapon)
 b - a +1 scimitar of flaming
Missiles
 e - 21 poisoned darts (quivered)
 g - 52 boomerangs
 w - 4 throwing nets {!f}
 H - 9 curare-tipped darts {!f}
 M - 6 atropa-tipped darts
 V - 14 javelins
Armour
 d - a +3 buckler of protection (worn)
 l - a +2 helmet (worn)
 n - a +2 pair of gloves (worn)
 v - a +2 cloak (worn)
 A - a +2 pair of boots (worn)
 N - a +2 kite shield of cold resistance
 Q - +1 swamp dragon scales (worn)
 T - the +4 ring mail of the Will of the Gods {Regen+ Str+2 SInv}
   (You found it on level 12 of the Dungeon)

   Str+2:     It affects your strength (+2).
   SInv:      It lets you see invisible.
   Regen+:    It increases your rate of health regeneration.
Jewellery
 o - a +6 ring of intelligence (left hand)
 t - a +6 ring of dexterity (right hand)
 L - a ring of flight
 U - an amulet of regeneration (around neck)
 X - a ring of protection from fire
Wands
 q - a wand of digging (15)
 z - a wand of flame (3)
 B - a wand of mindburst (17)
 D - a wand of acid (1)
 F - a wand of charming (24)
 P - a wand of polymorph (12)
 S - a wand of roots (1)
Scrolls
 j - 7 scrolls of vulnerability
 m - 8 scrolls of teleportation
 r - 4 scrolls of summoning
 y - 2 scrolls of silence
 G - a scroll of blinking
 I - 2 scrolls of revelation
 O - 3 scrolls of enchant weapon
 W - 5 scrolls of fear
 Z - a scroll of fog
Potions
 c - 3 potions of invisibility
 f - 7 potions of attraction
 h - 11 potions of curing
 i - 6 potions of heal wounds
 k - 8 potions of haste
 p - 6 potions of enlightenment
 s - 12 potions of mutation
 u - 4 potions of cancellation
 x - 8 potions of ambrosia
 C - 2 potions of resistance
 E - 4 potions of might
 R - a potion of berserk rage
 Y - 2 potions of lignification
Miscellaneous
 J - a phantom mirror
 K - a condenser vane


   Skills:
 * Level 14.2 Fighting
 - Level 10.0 Short Blades
 - Level 4.0 Throwing
 - Level 5.0 Armour
 - Level 12.0 Dodging
 + Level 17.6 Stealth
 - Level 4.0 Shields
 - Level 9.0 Spellcasting
 - Level 4.0 Conjurations
 + Level 14.5 Hexes
 - Level 4.0 Translocations
 - Level 2.0 Ice Magic
 - Level 8.0 Alchemy
 + Level 9.8 Evocations


You had 16 spell levels left.
You knew the following spells:

 Your Spells              Type           Power      Damage    Failure   Level
a - Ensorcelled Hibernat  Hex/Ice        100%       N/A       1%          2
b - Confusing Touch       Hex            79%        N/A       1%          3
c - Tukima's Dance        Hex            79%        N/A       1%          3
d - Dazzling Flash        Conj/Hex       100%       N/A       1%          3
e - Yara's Violent Unrav  Hex/Alch       34%        3d14      4%          5
f - Blink                 Tloc           74%        N/A       5%          2

Your spell library contained the following spells:

 Spells                   Type           Power      Damage    Failure   Level
 Sting                    Conj/Alch      100%       1d9       1%          1
 Inner Flame              Hex/Fire       54%        N/A       2%          3
 Apportation              Tloc           74%        N/A       3%          1
 Magic Dart               Conj           100%       1d8       3%          1
 Lesser Beckoning         Tloc           74%        N/A       5%          2
 Mercury Vapours          Alch/Air       74%        N/A       5%          2
 Olgreb's Toxic Radiance  Alch           57%        N/A       7%          4
 Kiss of Death            Conj/Necr      100%       2d13      9%          1
 Gell's Gravitas          Tloc           37%        N/A       11%         3
 Teleport Other           Tloc           37%        N/A       11%         3
 Necrotise                Necr           52%        1d6       19%         1
 Summon Small Mammal      Summ           52%        N/A       19%         1
 Silence                  Hex/Air        27%        N/A       26%         5
 Call Imp                 Summ           26%        N/A       28%         2
 Sublimation of Blood     Necr           13%        N/A       28%         2
 Passage of Golubria      Tloc           37%        N/A       34%         4
 Sticky Flame             Fire/Alch      37%        2d8       34%         4
 Call Canine Familiar     Summ           13%        N/A       50%         3
 Brom's Barrelling Bould  Conj/Erth      25%        2d5       63%         4
 Flame Wave               Conj/Fire      25%        2d8       63%         4
 Iskenderun's Battlesphe  Conj           37%        2d9       69%         5
 Animate Armour           Summ/Erth      26%        N/A       88%         4
 Dispel Undead            Necr           13%        3d9       88%         4
 Summon Blazeheart Golem  Fire/Summ      13%        N/A       88%         4
 Summon Lightning Spire   Summ/Air       13%        N/A       88%         4
 Fireball                 Conj/Fire      12%        3d7       92%         5
 Lee's Rapid Deconstruct  Erth           6%         3d6*      99%         5
 Conjure Ball Lightning   Conj/Air       12%        3x3d6     100%        6
 Orb of Destruction       Conj           18%        9d8       100%        7
 Summon Hydra             Summ           6%         N/A       100%        7
 Lehudib's Crystal Spear  Conj/Erth      12%        10d4      100%        8


Dungeon Overview and Level Annotations

Branches:
Dungeon (15/15)            Temple (1/1) D:7            Lair (5/5) D:10
  Swamp (0/4) Lair:3       Spider (4/4) Lair:2        Slime (0/5) Lair:4
    Orc (2/2) D:12            Elf (0/3) Orc:2        Vaults (0/5) D:14
 Depths (0/4) D:15         Bailey (visited)           IceCv (visited)

Altars:
Ashenzari
Cheibriados
Dithmenos
Fedhas
Gozag
Hepliaklqana
Kikubaaqudgha
Makhleb
Nemelex Xobeh
Okawaru
Qazlal
Ru
Sif Muna
Trog
Uskayaw
Vehumet
Wu Jian
Xom
Yredelemnul
Jiyva

Shops:
D:9 [   D:11 **   D:14 !   Orc:1 =   Orc:2 [(:[

Portals:
Trove: D:14 (give +3 gold dragon scales)

Annotations:
Lair:1 Gastronok
Lair:5 3 runed translucent doors, Aqauw's ghost, journeyman DrFi
Spider:1 3 runed translucent doors, initializr's ghost, adept DsFE


Innate Abilities, Weirdness & Mutations

Your natural rate of healing is accelerated.
You have razor-sharp teeth.
You have supernaturally acute eyesight. (SInv)
You are afflicted with vampirism and can become a bat while bloodless.


Message History

The wolf spider hits you but does no damage.
The wolf spider misses you. The wolf spider barely misses you.
The wolf spider bites you but does no damage.
The broodmother misses you. The wolf spider barely misses you. x2
The redback bites you!
Casting: Dazzling Flash (safe; 1% risk of failure)
Confirm with . or Enter, or press ? or * to list all spells.
Aiming: Ensorcelled Hibernation (safe; 1% risk of failure)
Press: ? - help, Shift-Dir - straight line, f - broodmother
Aim: a broodmother (lightly wounded, chance to affect: 37%)
Okay, then.
Casting: Ensorcelled Hibernation (safe; 1% risk of failure)
Confirm with . or Enter, or press ? or * to list all spells.
Casting: Dazzling Flash (safe; 1% risk of failure)
Press: ? - help, Dir - look around, f - activate The wolf spider is dazzled.
The redback is dazzled.
The tarantella is dazzled.
The wolf spider is dazzled.
The orb spider is dazzled.
The wolf spider hits you! You block the wolf spider's attack.
The wolf spider hits you.
* * * LOW HITPOINT WARNING * * *
The wolf spider bites you but does no damage.
You block the tarantella's attack.
The redback bites you but does no damage.
The wolf spider hits you but does no damage.
The wolf spider misses you.
The orb spider pulsates with a strange energy.
The broodmother bites you!
* * * LOW HITPOINT WARNING * * *
The wolf spider hits you!
* * * LOW HITPOINT WARNING * * *
The wolf spider bites you but does no damage.
The wolf spider barely misses you.
The wolf spider bites you but does no damage.
The tarantella completely misses you. The redback completely misses you.
The wolf spider hits you!
* * * LOW HITPOINT WARNING * * *
The wolf spider bites you.
* * * LOW HITPOINT WARNING * * *
The broodmother bites you!!
You die...

.^.^.......^...^.....#.#...#
.##...~~#.#~.......###.###.##
#^...###.###......##...##^^#
#...^##... #.....##.....####
.^...##.....##.)...........~#
........^..^......##.....####
.....##.....##.....##..^##~~#
.....^ ... #s^s...###.###.^#
##...^ #.###^ws@s..~#.#^..~#
###....#.#~~..sss^.......###
#........†.............^#
##y.....^#.#.~..........#
#.....###.###^.......###
#.^(..#.....#~......~#
s'....##.....##.......#
.#.....^^............##
#...s##....^##....###


You could see a broodmother, a torpor snail, 3 wolf spiders, an orb spider
(charged, blind, unable to see you), a tarantella (summoned, blind, unable to
see you) and a redback (summoned, blind, unable to see you).

Vanquished Creatures
  Arachne (Spider:4)
  8 emperor scorpions
  6 broodmothers
  An ironbound preserver (D:14)
  2 ettins (Orc:2)
  A great orb of eyes (D:15)
  5 entropy weavers
  3 jorogumos
  Fannar (D:11)
  4 hydras
  3 catoblepae (Lair:5)
  3 radroaches
  6 centaur warriors
  4 two-headed ogres
  A tengu warrior (D:15)
  3 boulder beetles
  9 death yaks
  3 orc high priests (Orc:2)
  Urug (D:11)
  8 demonic crawlers
  Sonja (Lair:2)
  7 pharaoh ants
  2 skysharks
  5 skeletal warriors
  7 orb spiders
  4 steelbarb worms
  2 sun moths
  A glowing orange brain (shapeshifter) (D:15)
  4 orc knights (Orc:2)
  22 wolf spiders
  4 lindwurms (D:15)
  A deep elf pyromancer (D:14)
  A necromancer (IceCv)
  3 manticores
  7 ugly things
  2 orc sorcerers (Orc:2)
  5 cyclopes
  10 elephants
  7 meliai
  5 black mambas
  3 kobold blastminers (Orc:2)
  8 cane toads
  4 torpor snails
  4 gargoyles (D:12)
  Joseph (D:8)
  An unseen horror (D:11)
  Maggie (D:10)
  10 komodo dragons
  14 ice devils (IceCv)
  5 rime drakes
  2 tengu conjurers
  3 yaktaurs (D:15)
  3 freezing wraiths (IceCv)
  2 anaconda simulacra (IceCv)
  5 trolls
  A polar bear (Lair:1)
  A queen bee (Spider:2)
  Prince Ribbit (D:6)
  A hornet (shapeshifter) (D:15)
  22 tarantellas
  Grinder (D:5)
  13 culicivoras
  6 dream sheep (Lair:5)
  16 blink frogs
  31 jumping spiders
  3 dire elephant simulacra (IceCv)
  15 slime creatures
  A spriggan (Lair:3)
  A shadow (D:13)
  Sigmund (D:4)
  72 yaks
  Eustachio (D:4)
  A fire elemental (Orc:1)
  2 vampires
  A human (shapeshifter) (D:13)
  A warg (Orc:2)
  4 wyverns
  4 steam dragons
  8 basilisks
  4 death yak simulacra (IceCv)
  37 redbacks
  Grum (D:10)
  A wraith (D:6)
  16 vampire mosquitoes
  The ghost of senseless the Insei, an amateur OpSh of Fedhas (D:3)
  A hydra simulacrum (IceCv)
  3 acid dragons
  20 water moccasins
  2 laughing skulls (D:14)
  25 orc warriors
  4 black bears
  A sky beast (D:7)
  8 ogres
  14 wolves
  19 centaurs
  3 phantoms
  A kobold brigand (D:9)
  2 gnoll sergeants
  Blork the orc (D:6)
  7 bullfrogs
  8 cane toad simulacra (IceCv)
  2 scorpions (D:6)
  A two-headed ogre simulacrum (IceCv)
  4 wights (D:7)
  2 elephant simulacra (IceCv)
  38 killer bees
  5 howler monkeys
  An electric eel (Lair:5)
  2 jellies
  3 bombardier beetles
  6 hounds
  2 gnoll boudas
  17 orc priests
  Crazy Yiuf (D:5)
  Jessica (D:2)
  6 iguanas
  3 sleepcaps
  Terence (D:2)
  22 orc wizards
  A spriggan simulacrum (IceCv)
  A troll simulacrum (IceCv)
  6 wolf simulacra (IceCv)
  20 gnolls
  6 adders
  A naga simulacrum (IceCv)
  A shadow imp (D:6)
  3 white imps
  3 ufetubi
  2 dart slugs
  5 ribbon worms
  81 orcs
  10 ball pythons
  4 endoplasms
  3 giant cockroaches
  8 goblins
  3 hobgoblins
  4 jackals
  A quokka (D:3)
  5 frilled lizards
  21 kobolds
  6 rats
938 creatures vanquished.

Vanquished Creatures (collateral kills)
  An orc knight (Orc:2)
  An orc sorcerer (Orc:2)
  An orc warrior (Orc:2)
  An orc priest (Orc:2)
  2 orcs
6 creatures vanquished.

Vanquished Creatures (others)
  3 dancing weapons (Orc:2)
3 creatures vanquished.

Grand Total: 947 creatures vanquished

Notes
Turn   | Place    | Note
-------+----------+-------------------------------------------
     0 | D:1      | tilp the Vampire Enchanter began the quest for the Orb.
     0 | D:1      | Reached XP level 1. HP: 13/13 MP: 3/3
   447 | D:1      | Reached XP level 2. HP: 19/20 MP: 5/5
   450 | D:1      | Learned a level 2 spell: Ensorcelled Hibernation
   626 | D:1      | Found a faded altar of an unknown god.
  1055 | D:2      | Noticed Jessica
  1070 | D:2      | Killed Jessica
  1071 | D:2      | Reached skill level 1 in Fighting
  1071 | D:2      | Gained mutation: You are afflicted with vampirism and can
                  | become a bat while bloodless. [Vampire growth]
  1071 | D:2      | Reached XP level 3. HP: 26/26 MP: 2/6
  1208 | D:2      | Noticed Terence
  1217 | D:2      | Killed Terence
  1218 | D:2      | Reached skill level 5 in Hexes
  1218 | D:2      | Reached XP level 4. HP: 32/32 MP: 4/7
  1839 | D:3      | Learned a level 3 spell: Confusing Touch
  2056 | D:3      | Reached skill level 5 in Stealth
  2183 | D:3      | Reached skill level 1 in Ice Magic
  2259 | D:3      | Reached XP level 5. HP: 38/38 MP: 0/8
  2733 | D:3      | Noticed a water moccasin
  2785 | D:3      | Killed a water moccasin
  2786 | D:3      | Reached XP level 6. HP: 45/45 MP: 4/9
  2934 | D:3      | Found a runed translucent door.
  2934 | D:3      | Noticed senseless's ghost (amateur OpSh)
  3419 | D:4      | Found a sacrificial altar of Ru.
  3432 | D:4      | Noticed Eustachio
  3443 | D:4      | Killed Eustachio
  3444 | D:4      | Reached XP level 7. HP: 24/51 MP: 4/11
  3585 | D:4      | Reached skill level 6 in Stealth
  3963 | D:4      | Learned a level 3 spell: Tukima's Dance
  3967 | D:4      | Learned a level 3 spell: Dazzling Flash
  4403 | D:4      | Noticed Sigmund
  4410 | D:4      | Killed Sigmund
  4831 | D:5      | Entered Level 5 of the Dungeon
  4914 | D:3      | Killed senseless's ghost
  4915 | D:3      | Reached skill level 5 in Short Blades
  4915 | D:3      | Reached XP level 8. HP: 56/60 MP: 11/13
  5020 | D:5      | Reached skill level 7 in Stealth
  5510 | D:5      | Found a runed translucent door.
  5511 | D:5      | Noticed Crazy Yiuf
  5554 | D:5      | Noticed Grinder
  5561 | D:5      | Killed Grinder
  5562 | D:5      | Reached skill level 5 in Fighting
  5904 | D:5      | Found a stormy altar of Qazlal.
  5916 | D:5      | Found a broken altar of Ashenzari.
  6153 | D:5      | Killed Crazy Yiuf
  6292 | D:6      | Reached skill level 8 in Stealth
  6292 | D:6      | Reached XP level 9. HP: 68/68 MP: 15/15
  6944 | D:6      | Noticed Blork the orc
  6952 | D:6      | Killed Blork the orc
  7134 | D:6      | Reached skill level 9 in Stealth
  7134 | D:6      | Reached skill level 5 in Spellcasting
  7829 | D:6      | Noticed Prince Ribbit
  7836 | D:6      | Killed Prince Ribbit
  7837 | D:6      | Reached skill level 10 in Stealth
  8093 | D:7      | Reached XP level 10. HP: 76/76 MP: 10/17
  8346 | D:7      | Found a staircase to the Ecumenical Temple.
  8364 | Temple   | Entered the Ecumenical Temple
  8377 | Temple   | Became a worshipper of the Wu Jian Council
  8384 | Temple   | Learned a level 5 spell: Yara's Violent Unravelling
  8441 | D:7      | Found an opulent altar of Gozag.
  8443 | D:7      | Found a radiant altar of Vehumet.
  8444 | D:7      | Found a bloodstained altar of Trog.
  8447 | D:7      | Found a shimmering altar of Xom.
  8811 | D:7      | Reached skill level 1 in Conjurations
  8862 | D:7      | Learned a level 2 spell: Blink
  8874 | D:7      | Reached skill level 1 in Alchemy
  9120 | D:8      | Reached skill level 1 in Evocations
  9163 | D:8      | Reached skill level 10 in Short Blades
  9174 | D:8      | Reached skill level 1 in Translocations
  9394 | D:8      | Noticed Joseph
  9397 | D:8      | Killed Joseph
  9969 | D:9      | Reached * piety under Wu Jian
 10060 | D:9      | Found Hyema's Antique Armour Boutique.
 10186 | D:9      | Reached ** piety under Wu Jian
 10387 | D:9      | Found a flagged portal.
 10391 | Bailey   | Entered a bailey
 10802 | Bailey   | Reached XP level 11. HP: 82/82 MP: 13/18
 11499 | D:10     | Entered Level 10 of the Dungeon
 11538 | D:10     | Noticed Maggie
 11542 | D:10     | Killed Maggie
 11570 | D:10     | Noticed a two-headed ogre
 11576 | D:10     | Killed a two-headed ogre
 11636 | D:10     | Found a staircase to the Lair.
 11658 | D:10     | Noticed a death yak
 11690 | D:10     | Killed a death yak
 12231 | D:10     | Reached *** piety under Wu Jian
 12397 | D:10     | Noticed Grum
 12409 | D:10     | Killed Grum
 12595 | D:9      | Reached skill level 5 in Dodging
 12599 | D:9      | Reached skill level 5 in Alchemy
 12995 | D:10     | Found a staircase to the Lair.
 13700 | D:11     | Noticed Fannar
 13706 | D:11     | Killed Fannar
 13726 | D:11     | Noticed a boulder beetle
 13732 | D:11     | Killed a boulder beetle
 13733 | D:11     | Reached skill level 10 in Hexes
 13742 | D:11     | Reached skill level 11 in Stealth
 13803 | D:11     | Noticed Urug
 13807 | D:11     | Killed Urug
 14258 | D:11     | Found Ucvaig's General Store.
 14260 | D:11     | Found Zulotwea's Specific Store.
 14515 | D:11     | Bought a scroll of summoning for 161 gold pieces
 14515 | D:11     | Bought a scroll of fear for 68 gold pieces
 14573 | D:9      | Bought a steaming ring mail for 234 gold pieces
 14573 | D:9      | Identified the +0 ring mail of the Hall of Blades {+Inv
                  | Will- rCorr MP+9} (You bought it in a shop on level 9 of
                  | the Dungeon)
 14610 | Lair:1   | Entered Level 1 of the Lair of Beasts
 14757 | Lair:1   | Reached XP level 12. HP: 88/91 MP: 13/20
 14764 | Lair:1   | Reached **** piety under Wu Jian
 15337 | Lair:1   | Noticed Gastronok
 16047 | Lair:2   | Noticed a death yak
 16047 | Lair:2   | Noticed a death yak
 16048 | Lair:2   | Noticed a death yak
 16049 | Lair:2   | Noticed a death yak
 16051 | Lair:2   | Noticed a death yak
 16132 | Lair:2   | Found a hole to the Spider Nest.
 16229 | Lair:2   | Killed a death yak
 16245 | Lair:2   | Killed a death yak
 16260 | Lair:2   | Killed a death yak
 16266 | Lair:2   | Killed a death yak
 16292 | Lair:2   | Killed a death yak
 16293 | Lair:2   | Reached skill level 12 in Stealth
 17041 | Lair:2   | Noticed Sonja
 17048 | Lair:2   | Killed Sonja
 17069 | Lair:2   | Reached XP level 13. HP: 101/101 MP: 20/23
 17536 | Lair:3   | Reached skill level 10 in Fighting
 17642 | Lair:3   | Reached ***** piety under Wu Jian
 17936 | Lair:3   | Reached skill level 1 in Armour
 18143 | Lair:3   | Found a staircase to the Swamp.
 18609 | Lair:4   | Found a staircase to the Slime Pits.
 18609 | Lair:4   | Found a viscous altar of Jiyva.
 19799 | Lair:5   | Entered Level 5 of the Lair of Beasts
 19887 | Lair:5   | Reached skill level 13 in Stealth
 19915 | Lair:4   | Reached skill level 5 in Evocations
 19986 | Lair:5   | Found a frozen archway.
 20122 | IceCv    | Entered an ice cave
 20852 | IceCv    | Found an ancient bone altar of Kikubaaqudgha.
 20881 | IceCv    | Reached XP level 14. HP: 52/113 MP: 19/24
 21222 | IceCv    | Reached ****** piety under Wu Jian
 22879 | Lair:5   | Reached skill level 5 in Armour
 23364 | Lair:5   | Found a runed translucent gate.
 23364 | Lair:5   | Found a runed translucent gate.
 23364 | Lair:5   | Found a runed translucent gate.
 23368 | Lair:5   | Noticed Aqauw's ghost (journeyman DrFi)
 24180 | Lair:5   | Reached skill level 14 in Stealth
 24580 | Lair:5   | Identified the staff "Vughe" {rC- rN+ SInv Necro Tloc}
 24782 | D:9      | Bought a spiked scale mail for 234 gold pieces
 24782 | D:9      | Identified the +3 scale mail "Weokad" {rC+ Str-3 SInv} (You
                  | bought it in a shop on level 9 of the Dungeon)
 24782 | D:9      | Bought an ichor-stained scale mail for 234 gold pieces
 24782 | D:9      | Identified the +6 scale mail of Summertime {rCorr MP+9}
                  | (You bought it in a shop on level 9 of the Dungeon)
 24829 | D:12     | Found a staircase to the Orcish Mines.
 24853 | D:12     | Reached skill level 10 in Dodging
 25173 | D:12     | Reached skill level 15 in Stealth
 25252 | D:12     | Identified the +4 ring mail of the Will of the Gods {Regen+
                  | Str+2 SInv}
 25638 | Orc:1    | Entered Level 1 of the Orcish Mines
 26123 | Orc:1    | Found Nolu's Jewellery Boutique.
 26555 | Orc:2    | Entered Level 2 of the Orcish Mines
 26632 | Orc:2    | Found a staircase to the Elven Halls.
 27434 | Orc:2    | Reached skill level 1 in Throwing
 27655 | Orc:2    | Reached XP level 15. HP: 120/120 MP: 6/25
 28434 | Orc:2    | Found Luadounn's Antique Armour Boutique.
 28434 | Orc:2    | Found Wakyfoezxe's Weapon Emporium.
 28436 | Orc:2    | Found Palyoj's Book Boutique.
 28436 | Orc:2    | Found Dailusk's Antique Armour Emporium.
 28449 | Orc:2    | Bought 2 throwing nets for 66 gold pieces
 28451 | Orc:2    | Bought a glowing buckler for 180 gold pieces
 29523 | D:14     | Found a broken altar of Ashenzari.
 29547 | D:14     | Found Loacvots's Distillery.
 29553 | D:14     | Bought a potion of heal wounds for 75 gold pieces
 29553 | D:14     | Bought a potion of heal wounds for 75 gold pieces
 29561 | D:14     | Reached skill level 1 in Shields
 29750 | D:14     | Found a gate to the Vaults.
 29939 | D:14     | You fall into a shaft and drop 1 floor!
 29939 | D:15     | Entered Level 15 of the Dungeon
 30257 | D:14     | Found a portal to a secret trove of treasure.
 30773 | D:14     | Found Loacvots's Distillery.
 30826 | D:14     | Found a gate to the Vaults.
 31141 | D:14     | Found a broken altar of Ashenzari.
 31196 | D:14     | Found Loacvots's Distillery.
 31504 | D:15     | Found a shadowy altar of Dithmenos.
 31759 | D:15     | Identified the +2 spear of Ugapt {freeze, +Blink rC+ Int+3}
 32244 | D:15     | Identified the +8 orcbow of Innocence {speed, Will+ Stlth+}
 32669 | D:15     | Found a staircase to the Depths.
 32971 | Spider:1 | Entered Level 1 of the Spider Nest
 33683 | Spider:1 | Reached skill level 16 in Stealth
 33874 | Spider:1 | Found a runed translucent gate.
 33874 | Spider:1 | Found a runed translucent gate.
 33874 | Spider:1 | Found a runed translucent gate.
 33875 | Spider:1 | Noticed initializr's ghost (adept DsFE)
 33949 | Spider:1 | Reached XP level 16. HP: 74/129 MP: 16/27
 37901 | Spider:4 | Entered Level 4 of the Spider Nest
 37946 | Spider:4 | Reached skill level 17 in Stealth
 38197 | Spider:4 | Noticed Arachne
 38977 | Spider:4 | Killed Arachne
 39250 | Spider:4 | Reached XP level 17. HP: 138/138 MP: 26/29
 40519 | Spider:4 | Demolished by a broodmother

Illustrated notes

Levels and vault maps discovered:
D:1:      dpeg_arrival_rooms_c, layout_basic, chequers_ecumenical_altar_island
D:2:      layout_loops_ring, st_stairs_6, minmay_tetromino_l4, uniq_jessica,
          uniq_terence
D:3:      layout_basic, mainiacjoe_overflow_alcove_1,
          ebering_ghost_reflecting_pool, chequers_decorated_corner
D:4:      layout_layer_cave, nicolae_ru_the_path_less_chosen, uniq_eustachio,
          uniq_sigmund
D:5:      layout_cave_pools, mainiacjoe_overflow_big_doors,
          uniq_crazy_yiuf_cottage, uniq_grinder
D:6:      minmay_thinvault, layout_loops_ring, nrook_loot_triangle,
          serial_library_hellmonk_hallway_b, grunt_ministairs_4,
          nicolae_zig_zag_zippers, uniq_prince_ribbit1, uniq_blork_the_orc
D:7:      layout_rooms, grunt_temple_overflow_open,
          minmay_temple_entry_offerings, nicolae_letterblocks
          [nicolae_letter_subblock, nicolae_letter_subblock,
          nicolae_letter_subblock, nicolae_letter_subblock,
          nicolae_letter_subblock, nicolae_letter_subblock,
          nicolae_letter_subblock, nicolae_letter_subblock,
          nicolae_letter_subblock, nicolae_letter_subblock,
          nicolae_letter_subblock, nicolae_letter_subblock,
          nicolae_letter_subblock, nicolae_letter_subblock,
          nicolae_letter_subblock, nicolae_letter_subblock,
          nicolae_letter_subblock, nicolae_letter_subblock,
          nicolae_letter_subblock, nicolae_letter_subblock,
          nicolae_letter_subblock, nicolae_letter_subblock,
          nicolae_letter_subblock, nicolae_letter_subblock,
          nicolae_letter_subblock]
D:8:      layout_loops_cross, uniq_joseph
D:9:      layout_basic, serial_shops, nicolae_shop_tiny_waterfront,
          enter_bailey_1
D:10:     layout_cave_pods, dpeg_lair_monsters, uniq_maggie, uniq_grum
D:11:     layout_cave_pools, nicolae_specific_store, uniq_fannar, uniq_urug
D:12:     layout_rooms, orc_0_dummy
D:13:     layout_big_octagon
D:14:     layout_loops_ring, hellmonk_vaults_order_and_chaos, serial_shops,
          shop, lemuel_doored_altar, nicolae_trove_entry_isolated
D:15:     gammafunk_enter_depths_forms, layout_loops_cross,
          grunt_dithmenos_smoke_and_mirrors, hangedman_decor_growths,
          minmay_lindwurm_lava
Temple:   dshaligram_water_room_temple
Lair:1:   layout_hall_layers, uniq_gastronok
Lair:2:   layout_chaotic_city, spider_nest_entry_rubble, patterned_corridor,
          infiniplex_staircase_pool_2, uniq_sonja
Lair:3:   layout_layer_cave, swamp_mist_pool, st_stairs_6,
          grunt_forest_large_clearing_hut
Lair:4:   layout_loops_ring, slime_entry_1
Lair:5:   evilmike_catoblepas_cave, layout_regular_city,
          gammafunk_ghost_necromancy, portal_ice_cave_rime,
          infiniplex_staircase_pool
Spider:1: layout_spider_delve, ebering_ghost_rock_garden
Spider:2: layout_spider_delve, special_room [special_room_bee]
Spider:3: layout_chambers, special_room, nicolae_spider_scorpion_nest,
          hangedman_spider_tarantella_strand
Spider:4: hellmonk_spider_rune_endless_swarm, uniq_arachne
Orc:1:    layout_caves, serial_shops, nicolae_shop_window_shopping,
          nicolae_orc_lava_tube, minmay_orc_temple_b
Orc:2:    grunt_orc_tribal_feast, layout_diamond_mine

Skill      XL: |  1  2  3  4  5  6  7  8  9 10 11 12 13 14 15 16 17 |
---------------+----------------------------------------------------+-----
Fighting       | 1 2 4 5 6 7 9 11 12 13 14 | 14.2
Short Blades   | 2 3 5 6 9 10 | 10.0
Hexes          | 5 6 7 8 10 12 13 14 | 14.5
Stealth        | 5 6 8 10 11 12 13 15 16 17 | 17.6
Ice Magic      | 1 2 |  2.0
Dodging        | 3 4 5 7 9 10 11 12 | 12.0
Spellcasting   | 3 4 5 7 8 9 |  9.0
Conjurations   | 2 3 4 |  4.0
Alchemy        | 4 5 6 7 8 |  8.0
Evocations     | 2 3 4 5 8 9 |  9.8
Translocations | 2 3 4 |  4.0
Armour         | 4 5 |  5.0
Throwing       | 1 4 |  4.0
Shields        | 2 4 |  4.0

Action                     |  1- 3 |  4- 6 |  7- 9 | 10-12 | 13-15 | 16-18 || total
---------------------------+-------+-------+-------+-------+-------+-------++-------
  Melee: Dagger            |    34 |   118 |   294 |   546 |  1385 |   380 ||  2757
         Punch             |     1 |     3 |    23 |    43 |   146 |       ||   216
         Bite              |       |    10 |    27 |    61 |   241 |    39 ||   378
         Scimitar          |       |       |       |     4 |    19 |       ||    23
  Throw: Dart              |     4 |     7 |       |       |    10 |    16 ||    37
   Cast: Ensorcelled Hiber |    11 |    45 |    95 |   180 |   352 |   180 ||   863
         Confusing Touch   |       |     2 |    14 |    20 |    95 |    26 ||   157
         Tukima's Dance    |       |       |       |     1 |    19 |       ||    20
         Dazzling Flash    |       |       |       |     6 |    22 |    32 ||    60
Ability: Lunge             |       |       |       |    51 |   104 |    50 ||   205
         Whirlwind         |       |       |       |     8 |    44 |    16 ||    68
  Evoke: Condenser vane    |       |       |       |     2 |     2 |       ||     4
         Wand              |       |       |       |     2 |     5 |       ||     7
         Phantom mirror    |       |       |       |     1 |     3 |       ||     4
    Use: Scroll            |     1 |     7 |     5 |    11 |    11 |     1 ||    36
         Potion            |       |       |       |     4 |     1 |       ||     5
   Stab: Sleeping          |    13 |    35 |    60 |   126 |   232 |   140 ||   606
         Distracted        |       |     1 |       |     2 |     4 |       ||     7
         Confused          |       |     2 |    12 |    16 |   103 |    28 ||   161
         Invisible         |       |       |       |     1 |    28 |    35 ||    64
         Held in net/web   |       |       |       |       |       |     1 ||     1
 Armour: Robe              |     8 |    47 |   152 |       |       |       ||   207
         Steam dragon scal |       |       |       |   253 |   290 |       ||   543
         Ring mail         |       |       |       |       |   250 |       ||   250
         Swamp dragon scal |       |       |       |       |    85 |   336 ||   421
  Dodge: Dodged            |    15 |    47 |   162 |   363 |   839 |   331 ||  1757
  Block: Buckler           |       |       |       |       |   137 |   238 ||   375

Table legend: (Time is in decaauts)
 A = Elapsed time spent in this place.
 B = Non-inter-level travel time spent in this place.
 C = Inter-level travel time spent in this place.
 D = Time resting spent in this place.
 E = Time spent auto-exploring this place.
 F = Levels seen in this place.
 G = Mean time per level.
                   A        B        C        D        E       F      G
               +--------+--------+--------+--------+--------+-----+--------+
         Total |  39545 |  37019 |   2526 |   9415 |  19543 |  29 | 1363.6 |
       Dungeon |  19279 |  17707 |   1572 |   3221 |  11106 |  15 | 1285.3 |
        Temple |     32 |     20 |     12 |      0 |      0 |   1 |   32.0 |
          Lair |   7111 |   6691 |    420 |   1154 |   4266 |   5 | 1422.2 |
   Spider Nest |   7426 |   7110 |    316 |   2893 |   2561 |   4 | 1856.5 |
  Orcish Mines |   2831 |   2627 |    204 |    637 |   1226 |   2 | 1415.5 |
        Bailey |    588 |    588 |      0 |    204 |     87 |   1 |  588.0 |
      Ice Cave |   2275 |   2275 |      0 |   1306 |    296 |   1 | 2275.0 |
               +--------+--------+--------+--------+--------+-----+--------+

Top non-repeatable levels by time:
Spider:4: 2518 daAuts
    D:10: 2373 daAuts
  Lair:5: 2287 daAuts
   IceCv: 2275 daAuts
   Orc:2: 1895 daAuts
Spider:2: 1786 daAuts
Spider:3: 1761 daAuts
    D:14: 1753 daAuts
     D:4: 1752 daAuts
     D:6: 1749 daAuts
     D:3: 1485 daAuts
    D:15: 1451 daAuts
  Lair:3: 1434 daAuts
  Lair:2: 1431 daAuts
     D:9: 1367 daAuts
